 Dungeon Crawl Stone Soup version 0.30-a0-34-gbe8da3892a (webtiles) character file.

Game seed: 12465782210521540233

235 timneilson the Shield-Bearer (level 6, 0/38 HPs)
             Began as a Gargoyle Fighter on Aug 27, 2022.
             Slain by an orc
             ... wielding a +0 dagger
              (1 damage)
             ... on level 4 of the Dungeon.
             The game lasted 00:04:40 (3051 turns).

timneilson the Shield-Bearer (Gargoyle Fighter)     Turns: 3051, Time: 00:04:41

Health: 0/38       AC: 16    Str: 22    XL:     6   Next: 6%
Magic:  6/6        EV:  7    Int:  8    God:
Gold:   119        SH:  4    Dex:  9    Spells: 5/5 levels left

rFire   . . .      SeeInvis .    a - +0 long sword
rCold   . . .      Faith    .    c - +0 buckler
rNeg    + + .      Spirit   .    e - +0 chain mail
rPois   ∞          Reflect  .    (no helmet)
rElec   +          Harm     .    l - +0 cloak
rCorr   .          Rampage  .    m - +0 pair of gloves
Will    .....                    (no boots)
Stlth   ..........               (no amulet)
HPRegen 0.12/turn                o - ring of positive energy
MPRegen 0.10/turn                (no ring)

@: mighty, hasted, very quick
A: sickness immunity, AC +4, negative energy resistance 1, electricity
resistance, torment resistance 1, petrification resistance
a: no special abilities


You were on level 4 of the Dungeon.
You visited 1 branch of the dungeon, and saw 4 of its levels.

You collected 119 gold pieces.

Inventory:

Hand Weapons
 a - a +0 long sword (weapon)
Armour
 c - a +0 buckler (worn)
 e - a +0 chain mail (worn)
 l - a +0 cloak (worn)
 m - a +0 pair of gloves (worn)
Jewellery
 o - a ring of positive energy (left hand)
Scrolls
 g - a scroll of magic mapping
 h - a scroll of poison
 i - 3 scrolls of teleportation
Potions
 f - a potion of ambrosia {unknown}
 j - 2 potions of flight
 k - a potion of invisibility {unknown}
 n - a potion of heal wounds {unknown}


   Skills:
 + Level 4.1 Fighting
 * Level 3.1 Long Blades
 * Level 4.5 Armour
 + Level 1.3 Dodging
 * Level 4.6 Shields


You had 5 spell levels left.
You didn't know any spells.
Your spell library contained the following spells:

 Spells                   Type           Power      Damage    Failure   Level
 Beastly Appendage        Tmut           0%         N/A       99%         1
 Magic Dart               Conj           0%         1d3       99%         1
 Sandblast                Erth           0%         2d4       99%         1
 Call Imp                 Summ           0%         N/A       100%        2
 Passwall                 Tmut/Erth      0%         N/A       100%        2
 Wereblood                Tmut           0%         N/A       100%        2
 Conjure Flame            Conj/Fire      0%         6-21      100%        3
 Ignite Poison            Fire/Tmut/Pois 0%         N/A       100%        3
 Mephitic Cloud           Conj/Pois/Air  0%         N/A       100%        3
 Spider Form              Tmut/Pois      0%         N/A       100%        3
 Stone Arrow              Conj/Erth      0%         3d7       100%        3
 Sticky Flame             Conj/Fire      0%         2d3       100%        4


Dungeon Overview and Level Annotations

Branches:
Dungeon (4/15)
 Temple: D:4-7

Altars:


Innate Abilities, Weirdness & Mutations

You are immune to sickness and miasma.
Your stone body is resilient. (AC +4)
You are immune to poison.
You resist negative energy. (rN+)
You are resistant to electric shocks. (rElec)
You are resistant to unholy torment.
You are immune to petrification.


Message History

You resist with some effort.
You closely miss the orc wizard.
The orc wizard hits you but does no damage.
You closely miss the orc wizard.
The orc wizard hits you but does no damage.
Blork the orc screams, "I'll decorate my home with your organs!"
You slash the orc wizard!
The orc wizard is severely wounded.
The orc wizard casts a spell at you. You resist with some effort.
Blork the orc gestures at you while chanting.
The puff of flame hits you!
You barely miss the orc wizard.
The orc wizard is severely wounded.
The orc wizard casts a spell at you.
The puff of flame hits you but does no damage.
The orc hits you but does no damage.
The orc wizard hits you with a +0 dagger.
Blork the orc hits you with a +0 mace.
* * * LOW HITPOINT WARNING * * *
You slash the orc wizard!
You kill the orc wizard!
You block the orc's attack.
Blork the orc begins to cast a cantrip, but forgets the words!
You have reached level 6!
You feel yourself speed up. The orc closely misses you.
You block Blork the orc's attack.
You slash Blork the orc!
Blork the orc is heavily wounded.
Blork the orc points at you and mumbles some strange words.
The magic dart hits you!
* * * LOW HITPOINT WARNING * * *
The orc hits you but does no damage.
You slash Blork the orc!
Blork the orc is severely wounded.
The orc barely misses you. You block Blork the orc's attack.
You slash Blork the orc!
You kill Blork the orc!
The orc hits you with a +0 dagger.
You die...

######. .##.
.......... ....
............. .......
... ########...# ..#
######.##..##...##..##
#......#.......).)...+
#...>..#........@o...#
.......#.............#
.....<.#.............#
#..##..##..##...##...#
#####..##..####+# ..##
....)...#..# ..#
....#...#..# .#
....#...#..# .#
#..######..#


You could see an orc.

Vanquished Creatures
  An ogre (D:4)
  Blork the orc (D:4)
  2 orc wizards (D:4)
  2 adders (D:3)
  An ufetubus (D:3)
  5 worms
  A dart slug (D:1)
  6 orcs
  5 ball pythons
  2 bats
  6 endoplasms
  A giant cockroach (D:1)
  6 goblins
  6 hobgoblins
  2 kobolds
  3 quokkas
  5 frilled lizards
  4 rats
59 creatures vanquished.

Notes
Turn   | Place    | Note
-------+----------+-------------------------------------------
     0 | D:1      | timneilson the Gargoyle Fighter began the quest for the
                  | Orb.
     0 | D:1      | Reached XP level 1. HP: 14/14 MP: 1/1
    48 | D:1      | Found a faded altar of an unknown god.
   212 | D:1      | Reached XP level 2. HP: 19/19 MP: 2/2
   951 | D:2      | Reached XP level 3. HP: 11/23 MP: 3/3
  2228 | D:3      | Reached XP level 4. HP: 24/29 MP: 4/4
  2985 | D:4      | Noticed an ogre
  2991 | D:4      | Killed an ogre
  2992 | D:4      | Reached skill level 1 in Dodging
  2992 | D:4      | Reached XP level 5. HP: 33/33 MP: 5/5
  3041 | D:4      | Noticed Blork the orc
  3048 | D:4      | Reached XP level 6. HP: 8/38 MP: 6/6
  3049 | D:4      | HP: 1/38 [Blork the orc/magic dart (7)]
  3051 | D:4      | Killed Blork the orc
  3051 | D:4      | Slain by an orc

Illustrated notes

Levels and vault maps discovered:
D:1:      elethiomel_arrival_shortcut, layout_basic,
          chequers_ecumenical_altar_island, hangedman_decor_points
D:2:      layout_loops_cross, kennysheep_doodads
D:3:      layout_basic
D:4:      layout_gridville, uniq_blork_the_orc

Skill      XL: |  1  2  3  4  5 |
---------------+----------------+-----
Long Blades    | 2 3 |  3.1
Shields        | 4 |  4.6
Armour         | 4 |  4.5
Fighting       | 4 |  4.1
Dodging        | 1 |  1.3

Action                   |  1- 3 |  4- 6 || total
-------------------------+-------+-------++-------
Melee: Long sword        |   132 |   110 ||   242
  Use: Scroll            |     4 |     1 ||     5
       Potion            |       |     3 ||     3
Armor: Chain mail        |    81 |    64 ||   145
Dodge: Dodged            |    49 |    38 ||    87
Block: Buckler           |    20 |    18 ||    38

Table legend: (Time is in decaauts)
 A = Elapsed time spent in this place.
 B = Non-inter-level travel time spent in this place.
 C = Inter-level travel time spent in this place.
 D = Time resting spent in this place.
 E = Time spent auto-exploring this place.
 F = Levels seen in this place.
 G = Mean time per level.
                   A        B        C        D        E       F      G
               +--------+--------+--------+--------+--------+-----+--------+
         Total |   3111 |   3062 |     49 |      0 |   2405 |   4 |  777.8 |
       Dungeon |   3111 |   3062 |     49 |      0 |   2405 |   4 |  777.8 |
               +--------+--------+--------+--------+--------+-----+--------+

Top non-repeatable levels by time:
     D:2: 1271 daAuts
     D:1: 957 daAuts
     D:3: 821 daAuts
     D:4: 60 daAuts
